Map: Frozen Temple

Players

Ascarecrow - Winner!

  • Race: Zerg Zerg
  • League: Master

Bonachon

  • Race: Terran Terran
  • League: Master

VOD

Have the link to the VOD?

Description

Time

  • Played on: Nov. 1, 2016, 11:36 p.m.
  • Length: 19:41
Show
View Real Time Build Order
Export as new Build Order

Ascarecrow Zerg - Winner!

Build Orders: Hatch First 

Get SALT Encoding   

  12  0:01  Drone  
  13  0:13  Overlord  
  13  0:17  Drone  
  14  0:31  Drone x2  
  16  0:36  Drone  
  17  0:54  Hatchery, Unknown  
  16  0:57  Drone  
  16  1:02  Drone  
  18  1:06  Extractor  
  17  1:18  Spawning Pool  
  16  1:19  Drone  
  16  1:21  Drone  
  18  1:29  Drone  
  19  1:39  Overlord  
  19  2:05  Unknown, Zergling x4  
  19  2:07  Queen, Zergling x2  
  19  2:08  Metabolic Boost, Queen  
  26  2:17  Drone  
  26  2:18  Drone  
  28  2:30  Drone x2  
  30  2:40  Drone  
  30  2:41  Drone  
  32  2:54  Hatchery, Unknown  
  32  2:55  Overlord  
  32  2:57  Drone x2  
  32  3:08  Queen  
  32  3:09  Drone  
  35  3:19  Drone x3  
  38  3:23  Drone x5  
  43  3:38  Drone, Roach Warren  
  43  3:39  Overlord  
  43  3:43  Extractor  
  42  3:53  Drone  
  43  4:04  Evolution Chamber  
  43  4:05  Zergling x2  
  43  4:06  Zergling x14, Unknown  
  43  4:07  Evolution Chamber  
  49  4:22  Zergling x10  
  49  4:23  Zergling x4  
  55  4:45  Zerg Ground Armor Level 1, Zerg Missile Weapons Level 1  
  55  4:46  Overlord x4  
  55  4:54  Hatchery, Unknown  
  54  5:11  Drone x5  
  54  5:14  Lair  
  59  5:16  Drone  
  59  5:17  Drone x3  
  59  5:20  Queen  
  65  5:27  Overlord  
  65  5:34  Drone x4  
  69  5:54  Drone  
  69  5:55  Drone x4  
  74  5:58  Extractor  
  73  6:05  Overlord, Unknown  
  73  6:13  Drone x6  
  79  6:21  Queen  
  79  6:22  Queen x2  
  85  6:30  Glial Reconstitution  
  85  6:31  Overlord x3  
  85  6:33  Roach x5  
  95  6:46  Roach  
  101  6:47  Extractor, Roach x2  
  100  6:59  Drone  
  100  7:00  Drone x8  
  109  7:04  Extractor  
  109  7:07  Hatchery, Unknown  
  107  7:08  Overlord  
  107  7:11  Zerg Melee Weapons Level 1, Zerg Ground Armor Level 2  
  107  7:14  Extractor  
  107  7:15  Drone x3  
  106  7:46  Roach  
  106  7:47  Roach x12  
  106  7:50  Ravager x2  
  127  7:51  Ravager  
  127  7:52  Overlord x2  
  127  8:04  Overseer  
  125  8:14  Roach x8  
  141  8:20  Infestation Pit  
  141  8:25  Drone  
  141  8:26  Drone x4  
  145  8:33  Roach x4  
  153  8:35  Overlord x4  
  153  8:37  Hatchery, Unknown  
  150  8:52  Roach  
  152  9:00  Ravager  
  152  9:01  Ravager  
  152  9:02  Ravager  
  155  9:03  Hive  
  155  9:08  Roach x12  
  179  9:12  Ravager  
  179  9:16  Ravager  
  181  9:21  Overlord x2  
  181  9:22  Overlord x2  
  179  9:42  Roach  
  179  9:43  Roach x11  
  195  9:48  Unknown  
  195  9:52  Zerg Melee Weapons Level 2  
  193  9:54  Extractor x2  
  185  10:05  Spore Crawler  
  184  10:08  Spore Crawler  
  179  10:21  Queen  
  179  10:22  Spore Crawler  
  179  10:26  Drone x3  
  179  10:27  Drone x3  
  186  10:33  Ultralisk Cavern, Drone x2, Spire  
  186  10:35  Zerg Ground Armor Level 3  
  186  10:38  Drone x3  
  186  10:39  Drone x7  
  196  10:43  Roach x2  
  200  11:05  Overseer  
  200  11:07  Adrenal Glands  
  200  11:45  Chitinous Plating  
  199  11:47  Zerg Flyer Weapons Level 1  
  197  12:04  Ravager x2  
  199  12:12  Spore Crawler  
  199  12:14  Spore Crawler  
  199  12:15  Spore Crawler x2  
  195  12:28  Ravager  
  195  12:29  Ravager  
  195  12:30  Ravager  
  195  12:32  Ravager  
  195  12:33  Ravager  
  184  13:09  Ultralisk x2  
  184  13:20  Roach x9  
  174  13:45  Ravager  
  174  13:46  Ravager  
  174  13:47  Ravager  
  165  14:06  Hatchery, Unknown  
  164  14:10  Hatchery, Unknown  
  164  14:12  Zergling x14  
  164  14:15  Ultralisk x5  
  200  14:25  Overlord  
  200  14:26  Overlord  
  200  14:42  Zerg Melee Weapons Level 3  
  200  14:44  Hatchery, Unknown, Zerg Flyer Weapons Level 2  
  199  14:55  Pneumatized Carapace  
  196  15:17  Unknown  
  193  15:22  Unknown  
  187  15:37  Burrow  
  175  15:45  Corruptor x7, Ultralisk  
  175  15:46  Corruptor  
  175  15:47  Ultralisk  
  189  15:55  Unknown  
  177  16:01  Ultralisk  
  177  16:02  Ultralisk x3  
  166  16:12  Zergling x8  
  166  16:13  Zergling x42  
  174  16:25  Zergling x2  
  171  16:26  Zergling x8  
  175  16:42  Hatchery, Unknown  
  175  16:46  Ultralisk x2  
  175  16:47  Ultralisk x2  
  163  17:27  Ultralisk x2  
  158  17:54  Unknown  
  158  18:00  Zergling x16  
  158  18:01  Zergling x14  
  158  18:03  Extractor  
  158  18:04  Extractor  
  171  18:50  Drone x7  
  171  18:51  Drone x8  
  183  18:59  Overseer  
  183  19:00  Queen  
  183  19:01  Queen  
  175  19:24  Drone x9  
Show
View Real Time Build Order
Export as new Build Order

Bonachon Terran 

Build Orders: Command Center First (CC), MMM Bio 

Get SALT Encoding   

  12  0:00  SCV  
  13  0:13  SCV  
  14  0:20  Supply Depot  
  14  0:25  SCV  
  15  0:42  SCV  
  16  0:54  SCV  
  17  1:05  Command Center, Unknown  
  17  1:07  SCV  
  18  1:18  Barracks  
  18  1:22  SCV  
  19  1:30  Barracks  
  19  1:34  SCV  
  20  1:44  Barracks  
  20  1:46  SCV  
  21  1:58  SCV  
  22  2:07  Marine  
  23  2:10  Orbital Command  
  23  2:16  Orbital Command, Unknown  
  23  2:17  Marine  
  24  2:23  Bunker  
  24  2:25  Marine  
  25  2:33  Supply Depot, Marine  
  25  2:36  Marine  
  27  2:39  SCV  
  27  2:43  Marine  
  29  2:45  SCV  
  30  2:51  Marine  
  30  2:54  Marine  
  32  3:00  Refinery x2, Marine  
  32  3:03  SCV x2  
  35  3:09  Marine  
  35  3:11  Marine  
  37  3:15  SCV x2  
  37  3:18  Marine  
  40  3:25  Supply Depot  
  40  3:27  SCV x2  
  42  3:36  Barracks Tech Lab  
  42  3:39  SCV x2  
  42  3:40  Refinery  
  44  3:48  Supply Depot  
  44  3:51  SCV x2  
  46  3:57  Supply Depot, Marine  
  46  4:01  Barracks Reactor  
  46  4:02  Barracks Reactor  
  47  4:05  SCV x2  
  49  4:18  SCV  
  49  4:19  SCV  
  51  4:30  SCV, Marine  
  47  4:31  SCV  
  47  4:32  Stimpack  
  43  4:39  Command Center, Factory, Unknown  
  43  4:40  Engineering Bay x2  
  43  4:43  SCV x2  
  43  4:44  Refinery, Marine  
  46  4:46  Marine  
  46  4:47  Marine x2  
  46  4:48  Marine  
  50  4:56  SCV  
  50  4:57  SCV  
  52  5:03  Supply Depot  
  52  5:05  Supply Depot, Marine x2  
  52  5:06  Marine x2  
  56  5:08  Marauder  
  58  5:24  Widow Mine  
  58  5:26  Starport  
  59  5:28  Marine x2  
  59  5:29  Marine x3  
  64  5:38  SCV x2  
  66  5:43  Terran Infantry Armor Level 1, Terran Infantry Weapons Level 1  
  66  5:46  Marine x2  
  66  5:48  Marine x2  
  66  5:49  Supply Depot x2  
  70  5:50  SCV x2, Unknown  
  70  5:52  Orbital Command  
  70  5:53  Factory Reactor  
  72  6:00  Marauder  
  72  6:02  SCV  
  72  6:03  Starport Reactor  
  75  6:04  Marine x2  
  75  6:06  Supply Depot, Marine  
  78  6:16  Barracks  
  78  6:21  Barracks  
  78  6:25  SCV x2  
  81  6:27  Marine x2  
  81  6:29  Orbital Command  
  83  6:33  Combat Shields  
  83  6:35  Widow Mine  
  83  6:36  Widow Mine  
  83  6:37  SCV  
  87  6:40  Marauder, Marine x2  
  87  6:44  Marine  
  92  6:48  Medivac x2  
  96  6:56  Missile Turret  
  96  6:57  Armory  
  96  6:59  Missile Turret  
  96  7:02  Missile Turret  
  96  7:14  Barracks Tech Lab, Barracks Reactor  
  96  7:16  SCV x3  
  96  7:20  Bunker  
  99  7:25  Marine x3  
  99  7:26  Marauder  
  99  7:28  SCV x3  
  107  7:32  Supply Depot  
  107  7:45  Marine x4  
  107  7:46  Marauder  
  108  8:11  Marine x4  
  108  8:12  Marine  
  116  8:13  Marine, Marauder x2  
  116  8:14  Medivac x2  
  116  8:15  SCV x3  
  116  8:16  Refinery, Widow Mine x2  
  116  8:18  Refinery  
  116  8:19  Terran Infantry Weapons Level 2, Terran Infantry Armor Level 2  
  129  8:20  Terran Ship Weapons Level 1  
  129  8:23  Starport  
  129  8:26  Fusion Core  
  129  8:28  Supply Depot x2  
  129  8:29  Marine  
  129  8:31  Supply Depot  
  130  8:38  Marauder, Marine x2  
  130  8:39  Marine, Marauder  
  130  8:40  Marine  
  121  8:56  Marine x3  
  121  8:57  Marine x2  
  121  9:00  Marauder  
  121  9:01  Medivac  
  130  9:06  Medivac  
  130  9:08  Widow Mine x2  
  136  9:15  Marauder, Starport Tech Lab, Marine x2  
  140  9:20  Concussive Shells, Factory  
  140  9:21  Marauder  
  140  9:23  Marine  
  140  9:24  Marine  
  144  9:27  Marine  
  144  9:28  Marine  
  146  9:31  Medivac  
  146  9:35  Liberator x2  
  146  9:36  Marauder  
  148  9:43  Marauder  
  148  9:44  Liberator  
  140  9:49  Marine x5  
  151  9:54  Advanced Ballistics  
  150  10:04  Factory Tech Lab  
  152  10:13  Factory Tech Lab  
  148  10:17  Command Center, Marauder x2, Unknown, Marine x5  
  148  10:18  Liberator  
  152  10:21  Terran Ship Weapons Level 2  
  152  10:22  Barracks  
  152  10:24  Barracks, Supply Depot  
  152  10:25  Barracks  
  152  10:27  Supply Depot  
  152  10:29  Liberator  
  152  10:31  Liberator  
  155  10:46  Siege Tank x2  
  167  10:52  Marine x2  
  169  10:59  Terran Infantry Weapons Level 3  
  169  11:08  Marauder  
  169  11:09  Marauder  
  173  11:18  Barracks Tech Lab, Marine x3  
  173  11:19  Siege Tank, Marine x2  
  173  11:20  Barracks Tech Lab, Supply Depot  
  173  11:21  Barracks Tech Lab  
  173  11:23  Supply Depot  
  181  11:29  Unknown  
  181  11:44  Marauder x2  
  181  11:45  Marine x4, Marauder x3  
  181  11:46  Marine x2  
  189  12:03  Liberator x2, Marine  
  189  12:06  Marauder  
  192  12:22  Marauder  
  187  12:44  Marauder, Marine x2  
  187  12:45  Marine x2, Marauder x2  
  187  12:46  Siege Tank  
  187  12:51  Marine  
  181  13:07  Marauder x2, Marine x3  
  181  13:08  Marine x2  
  181  13:10  Liberator x3  
  181  13:22  SCV  
  181  13:23  SCV  
  181  13:25  Siege Tank x2  
  181  13:26  Marauder x3, Marine x5  
  176  13:41  Marine x2  
  176  13:42  Marine  
  176  13:43  Marine  
  176  13:47  Marauder x2  
  184  13:57  Terran Infantry Armor Level 3, Siege Tank  
  184  14:00  Siege Tank  
  184  14:02  Ghost Academy  
  178  14:03  Marine x2  
  180  14:23  Marine x4  
  184  14:25  Marauder x2, Marine  
  184  14:26  Marauder  
  184  14:29  Siege Tank  
  194  14:32  Siege Tank  
  194  14:35  Planetary Fortress  
  197  14:56  Ghost  
  198  15:16  Ghost  
  196  15:46  Marine  
  196  15:48  Ghost, Marine  
  197  15:52  Ghost x4  
  183  16:07  Orbital Command  
  159  16:16  Ghost  
  151  16:21  Ghost  
  123  16:34  Ghost  
  123  16:35  Marine x4  
  97  17:11  Marine, Marauder  
  97  17:12  Marine, Marauder x3  
  97  17:15  Marauder, Marine x3  
  93  17:23  Marine  
  93  17:29  Marine  
  89  17:32  Marine x2  
  89  17:33  Marine  
  94  17:40  Marine x4  
  94  17:41  Marine  
  81  17:47  Marine  
  81  17:50  Marine x3  
  73  17:53  Medivac x3  
  73  17:58  Ghost x2, Marine  
  80  18:04  Marine x2  
  80  18:05  Marine  
  81  18:08  Ghost x2, Marine  
  81  18:12  Orbital Command  
  47  18:23  Medivac  
  47  18:26  Ghost  
  51  18:27  Marine  
Tags
 
Add a new tag
Caveats
  • Supply blocks, unpowered buildings, or Contaminate may cause inaccurate times.
  • Supply counts are checked every 10 seconds.